 Dungeon Crawl Stone Soup version 0.23.2-1-ga50397a (webtiles) character file.

Game seed: 16124293507197588689

184 teukkam the Chopper (level 5, -4/45 HPs)
             Began as a Minotaur Fighter on May 28, 2019.
             Was a Follower of Zin.
             Slain by a gnoll
             ... wielding a +1 halberd of freezing
              (6 damage)
             ... on level 3 of the Dungeon.
             The game lasted 00:05:40 (1977 turns).

teukkam the Chopper (Minotaur Fighter)              Turns: 1977, Time: 00:05:42

Health: -4/45      AC:  6    Str: 27    XL:     5   Next: 36%
Magic:  4/4        EV:  7    Int:  5    God:    Zin [*.....]
Gold:   141        SH: 10    Dex:  9    Spells: 4/4 levels left

rFire    . . .     SeeInvis .   a - +0 war axe
rCold    . . .     Gourm    .   c - +0 shield
rNeg     . . .     Faith    .   b - +0 scale mail
rPois    .         Spirit   .   (helmet restricted)
rElec    .         Reflect  .   (no cloak)
rCorr    +         Harm     .   (no gloves)
MR       .....                  (no boots)
Stlth    ..........             (no amulet)
HPRegen  0.15/turn              p - ring of resist corrosion
MPRegen  0.09/turn              (no ring)

@: mighty
A: retaliatory headbutt, horns 2
a: Recite, Donate Gold, Renounce Religion


You were on level 3 of the Dungeon.
You worshipped Zin.
Zin was aware of your devotion.
You were hungry.

You visited 1 branch of the dungeon, and saw 3 of its levels.

You collected 156 gold pieces.
You donated 15 gold pieces to Zin.

Inventory:

Hand Weapons
 a - a +0 war axe (weapon)
Missiles
 e - 5 javelins of returning (quivered)
 s - 39 sling bullets
Armour
 b - a +0 scale mail (worn)
 c - a +0 shield (worn)
Jewellery
 p - a ring of resist corrosion (left hand)
Scrolls
 h - 2 scrolls of teleportation {unknown}
 i - 4 scrolls of identify {unknown}
 j - 3 scrolls of remove curse {unknown}
 k - 3 scrolls of blinking {unknown}
 m - 2 scrolls of amnesia {unknown}
 r - a scroll of random uselessness {unknown}
Potions
 g - a potion of lignification {unknown}
 l - a potion of degeneration {unknown}
 n - a potion of heal wounds {unknown}
 o - a potion of haste {unknown}
 q - 2 potions of flight {unknown}
Comestibles
 f - 8 rations


   Skills:
 - Level 3.6 Fighting
 + Level 5.1 Axes
 + Level 3.5 Throwing
 - Level 3.6 Armour
 - Level 3.6 Shields


You had 4 spell levels left.
You didn't know any spells.
Your spell library was empty.

Dungeon Overview and Level Annotations

Branches:
Dungeon (3/15)

Altars:
Vehumet
Zin


Innate Abilities, Weirdness & Mutations

You reflexively headbutt those who attack you in melee.
You have a pair of horns on your head.


Message History

* * * LOW HITPOINT WARNING * * *
The gnoll freezes you.
* * * LOW HITPOINT WARNING * * *
You closely miss the gnoll.
The gnoll is lightly wounded.
You slash the gnoll! The gnoll hits you with a +0 club.
* * * LOW HITPOINT WARNING * * *
The gnoll hits you but does no damage.
You barely miss the gnoll. You headbutt the gnoll.
The gnoll is moderately wounded.
Your scale mail prevents you from hitting the gnoll.
The gnoll hits you with a +0 club. Zin protects you from harm!
The gnoll barely misses you. The gnoll hits you with a +0 club.
* * * LOW HITPOINT WARNING * * *
You closely miss the gnoll.
The gnoll is moderately wounded.
You barely miss the gnoll.
The gnoll hits you with a +1 halberd of freezing.
You die...

...# #.# .#.#
#.# ##.# #.#
##.# #.# #.# #.#
#.# #<# ##.#
#(##########
...#
#.....g....###.
####
#.....)@g......
##.#######.###.#
#.# #.# #.. #.#
### #.# #####
##.# #>.. ..#
####.##### #.#
#........#
#_###### .


You could see 2 gnolls.

Vanquished Creatures
  A howler monkey (D:2)
  4 adders
  2 gnolls (D:3)
  3 worms (D:2)
  2 bats
  6 giant cockroaches
  7 goblins
  14 hobgoblins
  15 jackals
  8 kobolds
  A quokka (D:2)
  3 frilled lizards
  7 rats
73 creatures vanquished.

Notes
Turn   | Place    | Note
-------+----------+-------------------------------------------
     0 | D:1      | teukkam the Minotaur Fighter began the quest for the Orb.
     0 | D:1      | Reached XP level 1. HP: 19/19 MP: 0/0
    89 | D:1      | Reached skill level 1 in Throwing
    96 | D:1      | Reached XP level 2. HP: 23/26 MP: 1/1
   102 | D:1      | Reached skill level 3 in Axes
   621 | D:2      | Reached XP level 3. HP: 31/31 MP: 2/2
   740 | D:3      | Found a glowing silver altar of Zin.
   746 | D:3      | Became a worshipper of Zin the Law-Giver
   891 | D:1      | Reached skill level 4 in Axes
  1085 | D:2      | Reached XP level 4. HP: 33/39 MP: 3/3
  1133 | D:2      | Reached * piety under Zin
  1388 | D:2      | Reached XP level 5. HP: 45/45 MP: 4/4
  1804 | D:3      | Found a radiant altar of Vehumet.
  1848 | D:3      | Reached skill level 5 in Axes
  1976 | D:3      | Zin protects you from harm!
  1976 | D:3      | HP: 2/45 [gnoll/+0 club (3)]
  1977 | D:3      | Slain by a gnoll

Skill      XL: |  1  2  3  4  5 |
---------------+----------------+-----
Throwing       | 1 2 3 |  3.5
Axes           | 3 4 5 |  5.1
Fighting       | |  3.6
Armour         | |  3.6
Shields        | |  3.6

Action                   |  1- 3 |  4- 6 || total
-------------------------+-------+-------++-------
Melee: War axe           |   101 |    78 ||   179
       Headbutt          |    10 |    10 ||    20
Throw: Javelin           |     7 |       ||     7
Invok: Recite            |       |     1 ||     1
  Use: Potion            |       |     1 ||     1
  Eat: Chunk             |     1 |     2 ||     3
Armor: Scale mail        |    48 |    30 ||    78
Dodge: Dodged            |    37 |    26 ||    63
Block: Shield            |    61 |    40 ||   101
